 Dungeon Crawl Stone Soup version 0.26-a0-660-gc07710193c (webtiles) character file.

Game seed: 6093970361471155212

6640 wqewqe the Severer (level 10, -1/88 HPs)
             Began as a Deep Dwarf Fighter on Oct 8, 2020.
             Was a High Priest of Ru.
             Slain by a komodo dragon (21 damage)
             ... on level 1 of the Lair of Beasts.
             The game lasted 00:15:06 (2540 turns).

wqewqe the Severer (Deep Dwarf Fighter)             Turns: 2540, Time: 00:15:06

Health: -1/88      AC: 11    Str: 23    XL:     10   Next: 72%
Magic:  2/8        EV:  7    Int:  9    God:    Ru [*****.]
Gold:   404        SH:  0    Dex: 12    Spells: 17/17 levels left

rFire    . . .     SeeInvis .   J - +5 hand axe
rCold    . . .     Faith    +   (shield unavailable)
rNeg     + . .     Spirit   .   o - +0 chain mail
rPois    .         Reflect  .   (no helmet)
rElec    .         Harm     .   (no cloak)
rCorr    .         Rampage  .   q - +1 pair of gloves
MR       +....                  l - +0 pair of boots
Stlth    ..........             f - amulet of faith
HPRegen  0.00/turn              (ring unavailable)
MPRegen  0.11/turn              A - ring of positive energy

@: lethally poisoned (-1 -> -1), exhausted, non-regenerating, heavily drained
A: damage resistance, heal wounds, sense surroundings 2, missing a hand,
disrupted magic 1, inexperienced 1, no regeneration
a: Heal Wounds, Draw Out Power, Power Leap, Apocalypse, Renounce Religion


You were on level 1 of the Lair of Beasts.
You worshipped Ru.
Ru was extremely pleased with you.
You visited 2 branches of the dungeon, and saw 12 of its levels.
You also visited: Ossuary.

You collected 404 gold pieces.

Inventory:

Hand Weapons
 a - a +0 war axe
 d - a +0 broad axe
 n - a +0 falchion of distortion
 y - a +2 scimitar of flaming
 D - a +0 short sword
 J - a +5 hand axe (weapon)
Missiles
 k - a throwing net (quivered)
 H - 3 curare-tipped darts
Armour
 b - a +0 scale mail
 c - a +0 kite shield
 l - a +0 pair of boots (worn)
 o - a +0 chain mail (worn)
 q - a +1 pair of gloves (worn)
 r - a +2 pair of boots
Jewellery
 f - an amulet of faith (around neck)
 i - an uncursed ring of protection from magic
 z - an uncursed ring of ice
 A - a ring of positive energy (right hand)
Wands
 w - a wand of disintegration (5)
 B - a wand of acid (3)
 G - a wand of polymorph (8)
Scrolls
 e - a scroll of fear
 h - a scroll of amnesia
 u - a scroll of remove curse
 C - 2 scrolls of teleportation
 E - a scroll of identify
 F - a scroll of fog
Potions
 g - a potion of stabbing
 j - a potion of flight {unknown}
 m - 2 potions of brilliance
 p - a potion of heal wounds {unknown}
 s - 8 potions of curing
 t - a potion of lignification {unknown}
 v - 2 potions of resistance {unknown}
 x - a potion of cancellation {unknown}
 I - a potion of invisibility
 K - a potion of degeneration {unknown}


   Skills:
 + Level 5.5(4.3) Fighting
 + Level 16.9(15.3) Axes
 - Level 3.2(2.1) Armour
 + Level 4.2(3.0) Spellcasting


You had 17 spell levels left.
You didn't know any spells.
Your spell library was empty.

Dungeon Overview and Level Annotations

Branches:
Dungeon (11/15)              Lair (1/6) D:11        Ossuary (visited)
 Temple: D:4-7          Orc: D:9-12

Altars:
Dithmenos
Elyvilon
Fedhas
Hepliaklqana
Nemelex Xobeh
Ru
Trog
Wu Jian
Xom
The Shining One

Shops:
D:8 (

Annotations:
D:8 Gastronok
D:9 exclusion: oklob plant


Innate Abilities, Weirdness & Mutations

You are resistant to damage.
You can heal yourself by infusing magical energy.
You passively map the area around you.
You are missing a hand.
Your casting is slightly disrupted.
You are somewhat inexperienced. (-2 XL)
You do not regenerate.


Message History

The black bear barely misses you.
You completely miss the komodo dragon.
The komodo dragon is severely wounded.
You hit the yak.
You hit the black bear but do no damage.
The yak closely misses you.
You hit the komodo dragon.
The komodo dragon is almost dead.
You slash the black bear! You hit the yak.
You kill the yak!
A basilisk comes into view.
The komodo dragon bites you!!
* * * LOW HITPOINT WARNING * * *
The black bear bites you but does no damage.
The black bear barely misses you.
The black bear claws you but does no damage.
You hit the komodo dragon.
The komodo dragon is almost dead.
You slash the black bear! The komodo dragon bites you!!
You die...

, , ##... * * #..## *
,,,* #.... ### ##..P# , ,
###....######.#####....#
,
........................
,
,........................
,
,.......†.†.#............
..#....†###............ ,
, , ##.h.†# #..^.........
, , #..@.#*#............
, , ,
#..†l##............† , ,
*#.F..###...........† , ,
, , #....#*#............
, #..... ............. *
, , ....... ............
, , .......#* ...........
*, l......## ..........
**, , * .........


You could see a komodo dragon, a basilisk, a black bear and a bullfrog.

Vanquished Creatures
  Fannar (D:10)
  3 two-headed ogres
  An unseen horror (D:9)
  An efreet (D:10)
  A hornet (D:9)
  3 trolls
  16 yaks
  A wraith (D:10)
  3 water moccasins (Lair:1)
  Edmund (D:5)
  2 sky beasts (D:10)
  3 ice beasts
  2 black bears (D:10)
  2 necrophages
  A phantom (D:8)
  An ogre (D:10)
  5 centaurs
  A big kobold (D:9)
  6 bullfrogs
  A water moccasin zombie (Ossuary)
  A gnoll sergeant (D:10)
  3 scorpions
  2 wyvern skeletons
  4 killer bees (D:8)
  5 wights (D:10)
  2 electric eels (D:11)
  5 howler monkeys
  A bullfrog zombie (D:9)
  9 hounds
  A quasit (D:9)
  2 gnoll shamans (D:8)
  An orc wizard (D:4)
  A bullfrog skeleton (D:9)
  3 iguanas
  4 worker ants
  5 big kobold zombies (Ossuary)
  A hound zombie (D:7)
  2 hound skeletons
  2 mummies (Ossuary)
  16 gnolls
  9 adders
  2 ufetubi
  8 adder zombies
  2 adder skeletons
  4 leopard geckos
  9 orcs
  A bat (D:2)
  4 gnoll zombies (Ossuary)
  A hobgoblin (D:1)
  5 jackals
  2 kobolds (D:9)
  2 quokkas
  A ball python (D:4)
  3 frilled lizards
  4 hobgoblin zombies (Ossuary)
  7 kobold zombies (Ossuary)
  3 orc zombies (Ossuary)
  A quokka skeleton (D:2)
  3 rats
196 creatures vanquished.

Vanquished Creatures (others)
  5 plants
5 creatures vanquished.

Grand Total: 201 creatures vanquished

Notes
Turn   | Place    | Note
-------+----------+-------------------------------------------
     0 | D:1      | wqewqe the Deep Dwarf Fighter began the quest for the Orb.
     0 | D:1      | Reached XP level 1. HP: 20/20 MP: 1/1
   102 | D:2      | Reached skill level 3 in Axes
   102 | D:2      | Reached XP level 2. HP: 20/27 MP: 2/2
   149 | D:2      | Reached skill level 4 in Axes
   149 | D:2      | Reached XP level 3. HP: 24/33 MP: 3/3
   224 | D:4      | Found a hazy altar of Hepliaklqana.
   225 | D:4      | Found a shimmering altar of Xom.
   226 | D:4      | Noticed a spectral ugly thing
   259 | D:4      | Reached XP level 4. HP: 28/40 MP: 4/4
   262 | D:4      | Reached skill level 5 in Axes
   305 | D:5      | Entered Level 5 of the Dungeon
   338 | D:5      | Noticed Edmund
   351 | D:5      | Killed Edmund
   351 | D:5      | Reached skill level 6 in Axes
   351 | D:5      | Reached XP level 5. HP: 39/46 MP: 5/5
   368 | D:7      | Noticed a centaur
   370 | D:7      | Noticed a necrophage
   381 | D:7      | Killed a centaur
   381 | D:7      | Reached skill level 7 in Axes
   381 | D:7      | Reached XP level 6. HP: 45/55 MP: 6/6
   386 | D:7      | Found a glowing golden altar of the Shining One.
   493 | D:7      | Reached skill level 8 in Axes
   525 | D:7      | Found a sacrificial altar of Ru.
   529 | D:7      | Noticed an ice beast
   533 | D:7      | Became a worshipper of Ru the Awakened
   542 | D:7      | Killed an ice beast
   542 | D:7      | Reached XP level 7. HP: 27/61 MP: 7/7
   593 | D:8      | Reached skill level 9 in Axes
   626 | D:8      | Reached skill level 10 in Axes
   640 | D:8      | Reached XP level 8. HP: 42/68 MP: 7/7
   683 | D:8      | Found a sand-covered staircase.
   688 | Ossuary  | Entered an ossuary
   747 | Ossuary  | Reached skill level 11 in Axes
   905 | D:8      | Noticed Gastronok
   972 | D:9      | Noticed an oklob plant
   977 | D:9      | Found a white marble altar of Elyvilon.
   995 | D:10     | Entered Level 10 of the Dungeon
  1060 | D:10     | Gained mutation: You are missing a hand. [Ru sacrifice]
  1060 | D:10     | Reached * piety under Ru
  1060 | D:10     | Reached ** piety under Ru
  1066 | D:10     | Reached skill level 12 in Axes
  1077 | D:10     | Gained mutation: You passively map the area around you.
                  | [Deep Dwarf growth]
  1077 | D:10     | Reached XP level 9. HP: 32/74 MP: 6/6
  1093 | D:10     | Reached skill level 13 in Axes
  1121 | D:10     | Noticed a troll
  1131 | D:10     | Killed a troll
  1218 | D:10     | Reached skill level 14 in Axes
  1229 | D:10     | Noticed a two-headed ogre
  1238 | D:10     | Killed a two-headed ogre
  1245 | D:10     | Noticed an efreet
  1252 | D:10     | Killed an efreet
  1262 | D:10     | Reached skill level 15 in Axes
  1262 | D:10     | Reached XP level 10. HP: 41/81 MP: 5/5
  1310 | D:10     | Noticed Fannar
  1335 | D:10     | Killed Fannar
  1439 | D:8      | Found Peur's Distillery.
  1587 | D:9      | Noticed a two-headed ogre
  1587 | D:9      | Paralysed by a hornet for 3 turns
  1594 | D:9      | Paralysed by a hornet for 3 turns
  1608 | D:9      | Killed a two-headed ogre
  1608 | D:9      | Reached skill level 16 in Axes
  1644 | D:9      | Gained mutation: You are somewhat inexperienced. (-2 XL)
                  | [Ru sacrifice]
  1644 | D:9      | Reached XP level 9. HP: 68/74 MP: 4/4
  1644 | D:9      | Reached XP level 8. HP: 68/68 MP: 3/3
  1644 | D:9      | Reached *** piety under Ru
  1644 | D:9      | Reached **** piety under Ru
  1644 | D:9      | Reached ***** piety under Ru
  1680 | D:9      | Noticed a two-headed ogre
  1695 | D:9      | Killed a two-headed ogre
  1695 | D:9      | Reached skill level 1 in Spellcasting
  1695 | D:9      | Reached XP level 9. HP: 29/76 MP: 3/6
  1793 | D:9      | Noticed a troll
  1802 | D:9      | Killed a troll
  1807 | D:9      | Found a blossoming altar of Fedhas.
  1817 | D:9      | Found an ornate altar of the Wu Jian Council.
  1913 | D:8      | Found Risara's Weapon Emporium.
  1915 | D:8      | Found a bloodstained altar of Trog.
  1916 | D:8      | Found a shadowy altar of Dithmenos.
  1944 | D:8      | Found a sparkling altar of Nemelex Xobeh.
  2121 | D:7      | Found a shadowy altar of Dithmenos.
  2253 | D:9      | Killed an unseen horror
  2414 | D:11     | Noticed a troll
  2415 | D:11     | Found a staircase to the Lair.
  2416 | D:11     | Reached XP level 10. HP: 40/87 MP: 9/9
  2443 | D:11     | Gained mutation: Your casting is slightly disrupted. [Ru
                  | sacrifice]
  2462 | Lair:1   | Entered Level 1 of the Lair of Beasts
  2512 | Lair:1   | Reached skill level 5 in Fighting
  2540 | Lair:1   | Slain by a komodo dragon

Illustrated notes

Levels and vault maps discovered:
D:1:      dpeg_arrival_three_same_balls, layout_basic
D:2:      kennysheep_six_static_rooms, layout_basic
D:3:      layout_basic, nicolae_gozag_cash_rules_everything_around_me
D:4:      layout_basic, regret_index_temple_of_mockery
D:5:      layout_loops_ring, marbit_many_paths, uniq_edmund, uniq_duvessa
D:6:      layout_loops_ring, lemuel_round_altar, lemuel_crystal_altar,
          minmay_temple_entry_stoned_glass, serial_shops, kennysheep_mini_moat,
          kennysheep_little_box, shop_fountains, shop, shop_fountains,
          uniq_maggie
D:7:      layout_loops_ring, old_standard_altar, basic_altar,
          grunt_dithmenos_smoke_and_mirrors
D:8:      layout_cave_pools, nicolae_overflow_crystal_walls,
          chequers_temple_overflow_statue_of_worship,
          amethyst_overflow_temple_binary, serial_gnoll_camp,
          gnoll_camp_medium_02, gnoll_camp_medium_01, gnoll_camp_mini_shop,
          gnoll_camp_mini_hut, serial_shops, shop, enter_ossuary_5,
          uniq_gastronok
D:9:      minmay_sliced_demisemicircle, layout_stronghold, lemuel_doored_altar,
          hiddenorc2_lemuel, basic_altar, lemuel_oklob_altar
D:10:     layout_roguey, uniq_fannar
D:11:     layout_irregular_city, erik_lair_island
Lair:1:   layout_small_grid, special_room [special_room_bee], uniq_harold,
          uniq_grum

Skill      XL: |  1  2  3  4  5  6  7  8  9 10 |
---------------+-------------------------------+-----
Axes           | 3 4 6 7 8 10 12 15 16 | 16.9
Shields        | 0 |  0.0
Fighting       | 3 4 5 |  5.5
Spellcasting   | 1 3 4 |  4.2
Armour         | |  3.2

Action                   |  1- 3 |  4- 6 |  7- 9 | 10-12 || total
-------------------------+-------+-------+-------+-------++-------
Melee: War axe           |    60 |    69 |    61 |       ||   190
       Broad axe         |       |       |   322 |   119 ||   441
       Hand axe          |       |       |       |    25 ||    25
Invok: Draw Out Power    |       |       |     5 |     2 ||     7
       Sacrifice a Hand  |       |       |     1 |       ||     1
       Sacrifice Experie |       |       |     1 |       ||     1
       Power Leap        |       |       |     5 |       ||     5
       Apocalypse        |       |       |       |     2 ||     2
       Sacrifice Essence |       |       |       |     1 ||     1
 Abil: Heal Wounds       |     1 |     1 |    14 |    13 ||    29
Evoke: Wand              |       |       |    12 |     6 ||    18
  Use: Potion            |       |       |     1 |     1 ||     2
       Scroll            |       |       |    10 |       ||    10
 Stab: Invisible         |       |       |     4 |     4 ||     8
       Paralysed         |       |       |       |     1 ||     1
Armor: Scale mail        |    39 |     8 |       |       ||    47
       Chain mail        |       |    34 |   345 |   123 ||   502
Dodge: Dodged            |    31 |    16 |   148 |    89 ||   284
Block: Kite shield       |    45 |    33 |   170 |       ||   248

Table legend: (Time is in decaauts)
 A = Elapsed time spent in this place.
 B = Non-inter-level travel time spent in this place.
 C = Inter-level travel time spent in this place.
 D = Time resting spent in this place.
 E = Time spent auto-exploring this place.
 F = Levels seen in this place.
 G = Mean time per level.
                   A        B        C        D        E       F      G
               +--------+--------+--------+--------+--------+-----+--------+
         Total |   2568 |   2568 |      0 |      0 |      0 |  13 |  197.5 |
       Dungeon |   2288 |   2288 |      0 |      0 |      0 |  11 |  208.0 |
          Lair |     64 |     64 |      0 |      0 |      0 |   1 |   64.0 |
       Ossuary |    215 |    215 |      0 |      0 |      0 |   1 |  215.0 |
               +--------+--------+--------+--------+--------+-----+--------+

Top non-repeatable levels by time:
    D:10: 489 daAuts
     D:8: 480 daAuts
     D:9: 461 daAuts
     D:7: 414 daAuts
 Ossuary: 215 daAuts
     D:4: 121 daAuts
     D:2: 83 daAuts
     D:1: 81 daAuts
  Lair:1: 64 daAuts
     D:5: 57 daAuts
    D:11: 49 daAuts
     D:3: 44 daAuts
     D:6: 5 daAuts
